Map: Shrines of Lizul

Players

Yata

  • Race: Zerg Zerg
  • League: Silver
  • Spawn Location: 12:00

Myhome

  • Race: Terran Terran
  • League: Diamond
  • Spawn Location: 3:00

MicG - Winner!

  • Race: Zerg Zerg
  • League: Diamond
  • Spawn Location: 9:00

BruceBo - Winner!

  • Race: Zerg Zerg
  • Spawn Location: 6:00

VOD

Have the link to the VOD?

Description

Time

  • Played on: Aug. 26, 2017, 10:53 p.m.
  • Length: 3:29
Show
View Real Time Build Order
Export as new Build Order

Yata Zerg 

Build Orders: Hatch First 

Get SALT Encoding   

  12  0:02  Drone  
  13  0:14  Overlord  
  13  0:18  Drone  
  14  0:32  Drone x2  
  16  0:37  Drone  
  17  1:03  Hatchery  
  16  1:09  Drone  
  16  1:10  Drone x2  
  19  1:24  Drone  
  20  1:34  Extractor  
  20  1:36  Spawning Pool  
  18  2:24  Zergling x6  
  14  2:39  Drone  
  11  2:46  Drone  
  12  2:56  Drone  
  15  3:06  Drone x3  
Show
View Real Time Build Order
Export as new Build Order

Myhome Terran 

Build Orders:  

Get SALT Encoding   

  12  0:01  SCV  
  13  0:13  SCV  
  14  0:18  Supply Depot  
  14  0:25  SCV  
  15  0:39  SCV  
  15  0:40  Barracks  
  16  0:46  Refinery  
  16  0:51  SCV  
  17  1:03  SCV  
  18  1:16  SCV  
  19  1:31  Orbital Command  
  19  1:32  Reaper  
  20  1:34  Supply Depot  
  20  1:44  Refinery  
  20  1:47  Barracks  
  21  2:01  SCV  
  21  2:16  Barracks Reactor  
  21  2:26  Factory  
  20  2:38  Marine  
  20  2:40  SCV  
  22  2:45  Command Center  
  22  2:53  Marine  
  22  2:54  Marine  
  24  3:01  SCV  
  26  3:06  Barracks Tech Lab  
  26  3:11  Marine x2  
  27  3:13  Supply Depot  
Show
View Real Time Build Order
Export as new Build Order

MicG Zerg - Winner!

Build Orders: Hatch First 

Get SALT Encoding   

  12  0:01  Drone  
  13  0:08  Drone  
  14  0:17  Overlord  
  16  0:35  Drone x2  
  16  0:37  Drone  
  17  1:02  Hatchery, Drone  
  17  1:09  Drone  
  17  1:10  Extractor  
  17  1:33  Drone x3, Spawning Pool  
  19  1:47  Overlord  
  19  2:20  Queen  
  19  2:21  Queen  
  19  2:22  Zergling x8  
  27  2:36  Roach Warren  
  26  2:56  Drone x6  
  32  3:09  Overlord  
Show
View Real Time Build Order
Export as new Build Order

BruceBo Zerg - Winner!

Build Orders: Pool First 

Get SALT Encoding   

  12  0:00  Drone  
  13  0:08  Drone  
  14  0:17  Extractor, Drone  
  14  0:34  Spawning Pool  
  13  0:37  Drone  
  14  0:51  Overlord  
  14  1:21  Queen  
  14  1:22  Metabolic Boost  
  14  1:24  Zergling x4  
  14  1:25  Zergling x2  
  19  1:35  Zergling x2  
  21  1:47  Zergling x2  
  21  1:56  Overlord  
  21  2:10  Zergling x2  
  22  2:19  Zergling x2  
  23  2:28  Zergling x2  
  24  2:33  Zergling x4  
  24  2:34  Zergling x2  
  23  2:44  Zergling x2  
  24  2:55  Zergling x2  
  25  3:15  Hatchery  
Tags
 
Add a new tag
Caveats
  • Supply blocks, unpowered buildings, or Contaminate may cause inaccurate times.
  • Supply counts are checked every 10 seconds.